 Dungeon Crawl Stone Soup version 0.24.0-123-gd5b16e6ec5 (webtiles) character file.

Game seed: 13575302499752201376, levelgen mode: deterministic

84 Norian the Conjurer (level 4, -1/24 HPs)
             Began as a Deep Elf Conjurer on Dec 24, 2019.
             Slain by an orc warrior
             ... wielding a +0 long sword
              (25 damage)
             ... on level 3 of the Dungeon.
             The game lasted 00:03:24 (1893 turns).

Norian the Conjurer (Deep Elf Conjurer)             Turns: 1893, Time: 00:03:24

Health: -1/24      AC:  2    Str:  6    XL:     4   Next: 23%
Magic:  7/12       EV: 13    Int: 20    God:
Gold:   123        SH:  0    Dex: 15    Spells: 3/12 levels left

rFire    . . .     SeeInvis .   (no weapon)
rCold    . . .     Gourm    .   (no shield)
rNeg     . . .     Faith    .   a - +0 robe
rPois    .         Spirit   .   (no helmet)
rElec    .         Reflect  .   (no cloak)
rCorr    .         Harm     .   (no gloves)
MR       .....                  (no boots)
Stlth    ++........             (no amulet)
HPRegen  0.08/turn              (no ring)
MPRegen  0.13/turn              (no ring)

@: no status effects
A: no striking features
a: no special abilities


You were on level 3 of the Dungeon.
You were very hungry.

You visited 1 branch of the dungeon, and saw 3 of its levels.

You collected 123 gold pieces.

Inventory:

Armour
 a - a +0 robe (worn)
Scrolls
 b - a scroll of noise {unknown}
 e - a scroll of blinking {unknown}
 f - a scroll of teleportation {unknown}
 g - a scroll of remove curse {unknown}
 h - 2 scrolls of fear {unknown}
 i - a scroll of fog {unknown}
 j - 2 scrolls of immolation {unknown}
 k - 2 scrolls of amnesia {unknown}
 m - 2 scrolls of identify {unknown}
Potions
 d - a potion of cancellation {unknown}
 l - a potion of curing {unknown}
 n - a potion of might {unknown}
 o - a potion of heal wounds {unknown}
 p - a potion of lignification {unknown}
 q - a potion of degeneration {unknown}
Comestibles
 c - 2 rations


   Skills:
 - Level 2.4 Dodging
 - Level 2.4 Stealth
 + Level 4.8 Spellcasting
 + Level 5.4 Conjurations


You had 3 spell levels left.
You knew the following spells:

 Your Spells              Type           Power        Failure   Level  Hunger
a - Magic Dart            Conj           ####         1%          1    None
b - Iskenderun's Mystic   Conj           ####....     12%         4    ####...
c - Fulminant Prism       Conj/Hex       ###.......   36%         4    ####...

Your spell library contained the following spells:

 Spells                   Type           Power        Failure   Level  Hunger
 Searing Ray              Conj           ####..       1%          2    #......
 Dazzling Spray           Conj/Hex       ###...       12%         3    ##.....
 Force Lance              Conj/Tloc      ###.....     36%         4    ####...


Dungeon Overview and Level Annotations

Branches:
Dungeon (3/15)

Altars:
Nemelex Xobeh
The Shining One


Message History

Aim: an orc warrior, wielding a +0 long sword and wearing a +0 plate armour (heavily wounded)
The orb of energy hits the orc warrior.
The orc warrior is severely wounded.
You are feeling very hungry.
Found a black potion.
Casting: Iskenderun's Mystic Blast (safe; 12% risk of failure)
Confirm with . or Enter, or press ? or * to list all spells.
Okay, then.
Found a ration.
There is a stone staircase leading up here.
You climb upwards.
There is a stone staircase leading down here.
There is a stone staircase leading down here.
Press: ? - help, v - describe, . - travel A stone staircase leading down.
There is a stone staircase leading down here.
You climb downwards.
The orc warrior hits you with a +0 long sword!!
Ouch! That really hurt!
You die...

#.####.# #.##.# #......#
#.##.# .......####.#.##.#
######## ..#.........#.##.#
#......# .##.##.######.##.#
#.##.###
......o........#.##### #.##.#
#.#.##.#########.....# #.##.#
....##.#############.# #.##.#
................@o.#.# #.##.#
.#..........####o#.#.###.##.#
.#..........# #.#.#........#
.#..##.###.## #.#.#####.####
.#..##.###.#####.#.# #.#
.##......#.#.....#.#####.#
.##.##.#.#.#.#####.......#
.##..#.#.#.#.# #########
.###.#.#.#.#.#


You could see an orc warrior and an orc.

Vanquished Creatures
  3 adders
  2 worms (D:2)
  A dart slug (D:1)
  A leopard gecko (D:2)
  2 orcs (D:3)
  2 ball pythons
  3 giant cockroaches
  8 goblins
  2 hobgoblins (D:2)
  7 bats
  6 frilled lizards
  5 kobolds
  5 rats
47 creatures vanquished.

Notes
Turn   | Place    | Note
-------+----------+-------------------------------------------
     0 | D:1      | Norian the Deep Elf Conjurer began the quest for the Orb.
     0 | D:1      | Reached XP level 1. HP: 10/10 MP: 6/6
   202 | D:1      | Reached XP level 2. HP: 15/15 MP: 4/8
   383 | D:1      | Found a sparkling altar of Nemelex Xobeh.
   914 | D:2      | Reached skill level 5 in Conjurations
   914 | D:2      | Reached XP level 3. HP: 18/19 MP: 1/10
  1346 | D:2      | Found a glowing golden altar of the Shining One.
  1622 | D:3      | Reached XP level 4. HP: 24/24 MP: 9/12
  1628 | D:3      | Learned a level 4 spell: Iskenderun's Mystic Blast
  1633 | D:3      | Learned a level 4 spell: Fulminant Prism
  1800 | D:3      | Noticed an orc warrior
  1893 | D:3      | Slain by an orc warrior

Levels and vault maps discovered:
D:1:      minmay_arrival_doors, layout_basic, nemelex_xobeh_ov_fountains_minmay
D:2:      layout_rooms, tso_metal_star
D:3:      layout_basic, first_ration

Skill      XL: |  1  2 |
---------------+-------+-----
Spellcasting   | 4 |  4.8
Conjurations   | 5 |  5.4
Dodging        | |  2.4
Stealth        | |  2.4

Action                   |  1- 3 |  4- 6 || total
-------------------------+-------+-------++-------
 Cast: Magic Dart        |    86 |    13 ||    99
       Iskenderun's Myst |       |     3 ||     3
  Eat: Chunk             |     1 |     1 ||     2
Armor: Robe              |     2 |       ||     2
Dodge: Dodged            |     6 |       ||     6
